 Dungeon Crawl Stone Soup version 0.25-a0-635-g0c6c292ef3 (webtiles) character file.

Game seed: 17873192099623084098, levelgen mode: deterministic

12 lemonriz the Sneak (level 2, -3/13 HPs)
             Began as a Spriggan Enchanter on Mar 20, 2020.
             Slain by a leopard gecko (5 damage)
             ... on level 1 of the Dungeon.
             The game lasted 00:02:13 (786 turns).

lemonriz the Sneak (Spriggan Enchanter)              Turns: 786, Time: 00:02:13

Health: -3/13      AC:  2    Str:  4    XL:     2   Next: 20%
Magic:  6/6        EV: 19    Int: 16    God:
Gold:   27         SH:  0    Dex: 16    Spells: 5/6 levels left

rFire    . . .     SeeInvis +   a - +1 dagger
rCold    . . .     Gourm    .   (shield restricted)
rNeg     . . .     Faith    .   b - +0 robe
rPois    .         Spirit   .   (helmet restricted)
rElec    .         Reflect  .   (no cloak)
rCorr    .         Harm     .   (gloves unavailable)
MR       .....                  (boots unavailable)
Stlth    +++.......             (no amulet)
HPRegen  0.04/turn              (no ring)
MPRegen  0.10/turn              (no ring)

@: very quick
A: very small, unfitting armour, see invisible, herbivore, speed 3, slow
metabolism 2
a: no special abilities


You were on level 1 of the Dungeon.
You were not hungry.

You visited 1 branch of the dungeon, and saw 1 of its levels.

You collected 27 gold pieces.

Inventory:

Hand Weapons
 a - a +1 dagger (weapon)
Armour
 b - a +0 robe (worn)
Potions
 c - a potion of stabbing {unknown}
Comestibles
 d - 2 rations


   Skills:
 + Level 1.6 Short Blades
 + Level 3.4 Dodging
 + Level 4.7 Stealth
 - Level 2.6 Spellcasting
 - Level 3.7 Hexes


You had 5 spell levels left.
You knew the following spells:

 Your Spells              Type           Power        Failure   Level  Hunger
a - Corona                Hex            ##.....      4%          1    #......

Your spell library contained the following spells:

 Spells                   Type           Power        Failure   Level  Hunger
 Confusing Touch          Hex            ##......     12%         3    ###....
 Tukima's Dance           Hex            ##......     12%         3    ###....
 Ensorcelled Hibernation  Hex/Ice        #.....       14%         2    ##.....
 Dazzling Flash           Conj/Hex       #.....       26%         3    ###....


Dungeon Overview and Level Annotations

Branches:
Dungeon (1/15)

Altars:


Innate Abilities, Weirdness & Mutations

You are very small and have problems with some larger weapons.
You are too small for most types of armour.
You have supernaturally acute eyesight. (SInv)
You are a herbivore.
You cover ground extremely quickly.
You need to consume almost no food.


Message History

The leopard gecko barely misses you.
You miss the leopard gecko. The leopard gecko barely misses you.
You barely miss the leopard gecko. The leopard gecko closely misses you.
You hit the leopard gecko.
The leopard gecko is heavily wounded.
The leopard gecko misses you.
You barely miss the leopard gecko.
The leopard gecko is heavily wounded.
The leopard gecko misses you.
You barely miss the leopard gecko.
The leopard gecko is heavily wounded.
The leopard gecko bites you.
* * * LOW HITPOINT WARNING * * *
You hit the leopard gecko but do no damage.
The leopard gecko is heavily wounded.
The leopard gecko misses you.
You barely miss the leopard gecko.
The leopard gecko is heavily wounded.
The leopard gecko barely misses you. The leopard gecko bites you.
You die...

#.........#.##.#.....>..#
#.....#.#.#)##.########.#
#....................##..
#.........#..........###.
#####.....#.#.#..........#
#.
#...........#.#.####'#####
## #...........#.#.# #.# #
#...........#.#.####.##### #
#...........@............# #
#........##..l..########.# #
#........##......... #.####
#........##......... #.#...
#####...###.......... #.#.#.
...... #.......... #.#...
....... #..........###.#.#.
#.......##..................
#.......# ....###.#.##


You could see a leopard gecko.

Vanquished Creatures
  An ooze (D:1)
  A bat (D:1)
  A giant cockroach (D:1)
  2 goblins (D:1)
  A hobgoblin (D:1)
  A kobold (D:1)
7 creatures vanquished.

Notes
Turn   | Place    | Note
-------+----------+-------------------------------------------
     0 | D:1      | lemonriz the Spriggan Enchanter began the quest for the
                  | Orb.
     0 | D:1      | Reached XP level 1. HP: 9/9 MP: 5/5
   733 | D:1      | Reached XP level 2. HP: 8/13 MP: 6/6
   786 | D:1      | Slain by a leopard gecko

Levels and vault maps discovered:
D:1:      minmay_arrival_statue_studded, layout_basic, minmay_split_cup_small

Action                   || total
-------------------------++-------
Melee: Dagger            ||    49
 Cast: Corona            ||     2
 Stab: Sleeping          ||     2
Armor: Robe              ||     4
Dodge: Dodged            ||    33

Table legend:
 A = Non-vault XP
 B = Vault XP
 C = Vault XP percentage of total XP
 D = Non-vault monster count
 E = Vault monster count
 F = Vault count percentage of total count
                 A         B        C        D         E       F
            +---------+---------+-------+---------+---------+-------
      Total |      18 |       0 |   0.0 |       7 |       0 |   0.0
            +---------+---------+-------+---------+---------+-------
        D:1 |      18 |       0 |   0.0 |       7 |       0 |   0.0
            +---------+---------+-------+---------+---------+-------
